 Dungeon Crawl Stone Soup version 0.30-a0-622-gddc90eaa04 (webtiles) character file.

Game seed: 12107236428886914948

143 bmack86 the Trooper (level 5, -1/42 (48) HPs)
             Began as a Minotaur Fighter on Jan 10, 2023.
             Slain by a wight
             ... wielding a +1 dagger of freezing
              (2 damage)
             ... on level 4 of the Dungeon.
             The game lasted 00:08:21 (3036 turns).

bmack86 the Trooper (Minotaur Fighter)              Turns: 3036, Time: 00:08:21

HP:   -1/42 (48)    AC: 14    Str: 22    XL:     5   Next: 4%
MP:   4/4           EV: 22    Int:  5    God:
Gold: 152           SH:  4    Dex: 10    Spells: 4/4 levels left

rFire   . . .      SeeInvis .    a - +0 war axe
rCold   . . .      Faith    .    c - +0 buckler
rNeg    . . .      Spirit   .    t - +0 chain mail
rPois   .          Reflect  .    (helmet restricted)
rElec   .          Harm     .    (no cloak)
rCorr   .          Rampage  .    h - +0 pair of gloves
Will    .....                    (no boots) Stlth
                                 s - amulet of the acrobat
HPRegen 0.27/turn                g - +4 ring of protection
MPRegen 0.09/turn                (no ring)

@: acrobatic, heavily drained
A: horns 2, retaliatory headbutt
a: no special abilities


You were on level 4 of the Dungeon.
You visited 1 branch of the dungeon, and saw 4 of its levels.

You collected 152 gold pieces.

Inventory:

Hand Weapons
 a - a +0 war axe (weapon)
Missiles
 l - 6 datura-tipped darts (quivered)
 o - 10 poisoned darts
 q - a throwing net
Armour
 b - a +0 scale mail
 c - a +0 buckler (worn)
 h - a +0 pair of gloves (worn)
 r - a +0 plate armour
 t - a +0 chain mail (worn)
Jewellery
 g - a +4 ring of protection (left hand)
 s - an amulet of the acrobat (around neck)
Wands
 u - a wand of digging (5)
Scrolls
 e - a scroll of enchant armour
 f - a scroll of teleportation
 i - a scroll of fog
 m - a scroll of amnesia
Potions
 d - a potion of might
 j - a potion of lignification
 k - 3 potions of curing
 n - a potion of berserk rage
 p - a potion of resistance


   Skills:
 * Level 5.0 Fighting
 * Level 4.0 Axes
 + Level 1.2 Throwing
 + Level 4.2 Armour
 + Level 4.1 Shields


You had 4 spell levels left.
You didn't know any spells.
Your spell library contained the following spells:

 Spells                   Type           Power      Damage    Failure   Level
 Kiss of Death            Conj/Necr      0%         2d5       99%         1
 Confusing Touch          Hex            0%         N/A       100%        3
 Dispel Undead            Necr           0%         3d6       100%        4


Dungeon Overview and Level Annotations

Branches:
Dungeon (4/15)
 Temple: D:4-7

Altars:
Zin

Shops:
D:3 ?*[[[


Innate Abilities, Weirdness & Mutations

You have a pair of horns on your head.
You reflexively headbutt those who attack you in melee.


Message History

The wight closely misses you.
You barely miss the wight. The wight hits you but does no damage.
You hit the wight.
The wight is moderately damaged.
The wight hits you from afar with a +2 spear of freezing.
You feel drained. The wight freezes you.
You barely miss the wight.
The wight is moderately damaged.
The wight hits you with a +1 dagger of freezing.
You feel drained. The wight freezes you. You block the wight's attack.
The wight barely misses you. The wight hits you but does no damage.
You hit the wight.
The wight is heavily damaged.
The wight hits you but does no damage.
The wight hits you from afar with a +2 spear of freezing!
The wight freezes you.
You hit the wight but do no damage.
The wight is heavily damaged.
The wight hits you but does no damage.
The wight hits you from afar with a +2 spear of freezing.
You feel drained. The wight freezes you.
You hit the wight but do no damage.
The wight is heavily damaged.
The wight hits you with a +1 dagger of freezing.
You feel drained. The wight freezes you. The wight hits you but does no damage.
The wight hits you with a +1 dagger of freezing!
* * * LOW HITPOINT WARNING * * *
The wight freezes you.
* * * LOW HITPOINT WARNING * * *
The wight closely misses you.
You slash the wight!
You headbutt the wight, but do no damage.
The wight is almost destroyed.
The wight hits you but does no damage. x2
The wight hits you with a +1 dagger of freezing.
* * * LOW HITPOINT WARNING * * *
You feel drained.
* * * LOW HITPOINT WARNING * * *
The wight freezes you.
You die...

... #.####.# #....#.#
. # ###..#.#.# ... #.
#....#.#.#
....#.##.#..#.#.#
.....?...>..#.#.#
#.z@......#.#######
#...z..............
#.....#####)#######
.^...#..............#
......##.######.####.#
#......
#...........#.#
#####+#
#....###....#(#
#....#.....#.)#
#.###.#.##


You could see 2 wights.

Vanquished Creatures
  2 orc priests (D:4)
  2 adders (D:2)
  2 worms
  A dart slug (D:2)
  3 orcs
  4 ball pythons
  3 bats
  5 endoplasms
  4 giant cockroaches
  4 goblins
  7 hobgoblins
  4 kobolds
  4 quokkas
  A frilled lizard (D:3)
  8 rats
54 creatures vanquished.

Vanquished Creatures (others)
  A rat (D:2)
  9 plants (D:1)
10 creatures vanquished.

Grand Total: 64 creatures vanquished

Notes
Turn   | Place    | Note
-------+----------+-------------------------------------------
     0 | D:1      | bmack86 the Minotaur Fighter began the quest for the Orb.
     0 | D:1      | Reached XP level 1. HP: 19/19 MP: 0/0
   221 | D:1      | Reached XP level 2. HP: 27/27 MP: 1/1
   323 | D:1      | Reached skill level 4 in Fighting
   934 | D:2      | Reached XP level 3. HP: 33/33 MP: 2/2
  1959 | D:3      | Found Matoemih's Armour Shop.
  2037 | D:3      | Found a glowing silver altar of Zin.
  2082 | D:3      | Found Xaill's Assorted Antiques.
  2152 | D:3      | Reached XP level 4. HP: 41/41 MP: 3/3
  2316 | D:3      | Found Meggig's Magic Scroll Shoppe.
  2461 | D:3      | Found Cablinerch's Armour Shoppe.
  2577 | D:3      | Found a faded altar of an unknown god.
  2666 | D:3      | Found Liply's Armour Emporium.
  2821 | D:4      | Reached skill level 1 in Throwing
  2829 | D:4      | HP: 2/41 [orc priest/nerve-wracking pain (4)]
  2831 | D:4      | Reached skill level 5 in Fighting
  2831 | D:4      | Reached XP level 5. HP: 2/48 MP: 4/4
  3036 | D:4      | HP: 2/43 [wight/+1 dagger of freezing (4)]
  3036 | D:4      | Slain by a wight

Illustrated notes

Levels and vault maps discovered:
D:1:      matt_arrival_spirals, layout_rooms, chequers_big_river, hex_medium,
          minmay_fountain_box
D:2:      layout_basic
D:3:      layout_basic, general_overflow_altar,
          shapermc_ecumenical_altar_notcrosses, serial_shops,
          nicolae_lakefront_shop, nicolae_shop_behind_doors, shop, shop,
          nicolae_diamond_shop, minmay_misc_feat_chi
D:4:      layout_basic, chequers_temple_overflow_minitemple,
          ebering_ghost_reflecting_pool, minmay_tree_intersection

Skill      XL: |  1  2  3  4  5 |
---------------+----------------+-----
Fighting       | 4 5 |  5.0
Axes           | 3 4 |  4.0
Armour         | 4 |  4.2
Shields        | 4 |  4.1
Throwing       | 1 |  1.2

Action                   |  1- 3 |  4- 6 || total
-------------------------+-------+-------++-------
Melee: War axe           |    84 |    43 ||   127
       Headbutt          |     7 |     5 ||    12
Throw: Dart              |     7 |     6 ||    13
  Use: Scroll            |     7 |     2 ||     9
Armor: Scale mail        |    64 |       ||    64
       Chain mail        |     4 |    23 ||    27
Dodge: Dodged            |    50 |    16 ||    66
Block: Buckler           |    21 |     8 ||    29

Table legend: (Time is in decaauts)
 A = Elapsed time spent in this place.
 B = Non-inter-level travel time spent in this place.
 C = Inter-level travel time spent in this place.
 D = Time resting spent in this place.
 E = Time spent auto-exploring this place.
 F = Levels seen in this place.
 G = Mean time per level.
                   A        B        C        D        E       F      G
               +--------+--------+--------+--------+--------+-----+--------+
         Total |   3094 |   3004 |     90 |    161 |   1969 |   4 |  773.5 |
       Dungeon |   3094 |   3004 |     90 |    161 |   1969 |   4 |  773.5 |
               +--------+--------+--------+--------+--------+-----+--------+

Top non-repeatable levels by time:
     D:3: 1010 daAuts
     D:2: 955 daAuts
     D:1: 872 daAuts
     D:4: 255 daAuts
